Map: Pillars of Gold LE

Players

Throwfordays - Winner!

  • Race: Zerg Zerg
  • League: Silver
  • Spawn Location: 7:00

VOD

Have the link to the VOD?

Description

Time

  • Played on: June 29, 2020, 2:49 p.m.
  • Length: 8:31
Show
View Real Time Build Order
Export as new Build Order

Throwfordays Zerg - Winner!

Build Orders:  

Get SALT Encoding   

  12  0:01  Drone  
  13  0:13  Drone  
  14  0:25  Overlord  
  14  1:02  Hatchery  
  14  1:03  Drone  
  14  1:09  Drone  
  15  1:14  Drone  
  16  1:23  Extractor  
  15  1:42  Spawning Pool  
  15  1:45  Drone  
  15  1:50  Drone  
  16  2:01  Drone  
  16  2:07  Drone  
  18  2:23  Drone  
  19  2:48  Baneling Nest  
  18  2:50  Drone  
  18  2:52  Queen  
  18  2:56  Queen  
  23  3:06  Overlord  
  23  3:11  Zergling x2  
  24  3:20  Zergling x4  
  24  3:24  Zergling x2  
  27  3:33  Zergling x2  
  28  3:53  Zergling x4  
  30  4:00  Zergling x2  
  30  4:01  Zergling x2  
  32  4:11  Zergling x2  
  32  4:16  Baneling x2  
  32  4:17  Baneling x2  
  33  4:25  Zergling x2  
  33  4:26  Zergling x2  
  35  4:30  Metabolic Boost  
  35  4:31  Zergling x2  
  35  4:36  Overlord  
  29  5:39  Zergling x12  
  35  5:44  Zergling x2  
  35  5:48  Overlord x2  
  30  6:12  Zergling x2  
  30  6:13  Zergling x4  
  30  6:17  Zergling x2  
  30  6:18  Zergling x2  
  35  6:33  Baneling x6  
  35  6:34  Baneling x5  
  35  6:48  Zergling x4  
  37  6:52  Zergling x6  
  37  6:53  Zergling x4  
  37  6:58  Zergling x4  
  44  7:31  Zergling x4  
  44  7:32  Zergling x8  
  44  7:37  Zergling x2  
  44  7:38  Zergling x2  
Tags
 
League
Silver
Matchup
Co-op
Replay Pack
Multiplayer
Add a new tag
Caveats
  • Supply blocks, unpowered buildings, or Contaminate may cause inaccurate times.
  • Supply counts are checked every 10 seconds.